 Dungeon Crawl Stone Soup version 0.28.0 (webtiles) character file.

Game seed: 6307147028634959866

66 sasquatch the Cudgeller (level 4, 0/39 HPs)
             Began as a Hill Orc Berserker on Feb 7, 2022.
             Was a Follower of Trog.
             Slain by a goblin (2 damage)
             ... led by Robin
             ... on level 2 of the Dungeon.
             The game lasted 00:01:47 (2094 turns).

sasquatch the Cudgeller (Hill Orc Berserker)        Turns: 2094, Time: 00:01:48

Health: 0/39       AC:  2    Str: 19 (21) XL:     4   Next: 15%
Magic:  4/4        EV: 11    Int:  6 (7)  God:    Trog [*.....]
Gold:   56         SH:  0    Dex:  8 (10) Spells: 3/3 levels left

rFire   . . .      SeeInvis .   a - +0 mace
rCold   . . .      Faith    .   (no shield)
rNeg    . . .      Spirit   .   b - +0 animal skin
rPois   .          Reflect  .   (no helmet)
rElec   .          Harm     .   (no cloak)
rCorr   .          Rampage  .   (no gloves)
Will    .....                   (no boots)
Stlth   +.........              (no amulet)
HPRegen 0.13/turn               (no ring)
MPRegen 0.09/turn               (no ring)

@: on berserk cooldown, flying, slowed, very slow
A: no striking features
a: Renounce Religion, Berserk


You were on level 2 of the Dungeon.
You worshipped Trog.
Trog was aware of your devotion.
You visited 1 branch of the dungeon, and saw 2 of its levels.

You collected 56 gold pieces.

Inventory:

Hand Weapons
 a - a +0 mace (weapon)
Missiles
 f - 3 javelins (quivered)
Armour
 b - a +0 animal skin (worn)
Scrolls
 k - a scroll of holy word


   Skills:
 - Level 3.6 Fighting
 + Level 5.4 Maces & Flails
 - Level 2.1 Armour
 - Level 1.5 Dodging


You had 3 spell levels left.
You didn't know any spells.
Your spell library was empty.

Dungeon Overview and Level Annotations

Branches:
Dungeon (2/15)

Altars:

Annotations:
D:2 Robin


Message History

The goblin hits you but does no damage.
You aren't carrying any potions.
Unknown command.
Okay, then.
Unknown command.
As you read the scroll labelled MUODAH YKKY, it crumbles to dust.
Your body is wracked with pain!
* * * LOW HITPOINT WARNING * * *
The hobgoblin convulses!
The goblin convulses!
Robin convulses!
It was a scroll of torment.
The goblin no longer looks unusually strong.
The goblin misses you.
Robin roars a battlecry!
The goblin goes into a battle-frenzy!
The goblin hits you but does no damage.
As you read the scroll labelled IFO ZOFISSANG, it crumbles to dust.
The creatures around you are filled with an inner flame!
It was a scroll of immolation.
The goblin barely misses you.
Unknown command.
As you read the scroll labelled DOJEAM LEUM, it crumbles to dust.
It is a scroll of identify.
k - a scroll of holy word The goblin hits you with a +0 dagger.
* * * LOW HITPOINT WARNING * * *
Robin's bangles clink loudly.
The goblin hits you but does no damage.
Unknown command.
Okay, then.
Unknown command.
The goblin hits you with a +0 dagger.
* * * LOW HITPOINT WARNING * * *
Unknown command.
Unknown command.
The goblin no longer looks unusually strong.
The goblin hits you with a +0 dagger.
* * * LOW HITPOINT WARNING * * *
Unknown command.
Unknown command.
The goblin hits you with a +0 dagger.
You die...

#. #.# #.. ###..
#....# . #.##.#
#. #.##.## .#
##†#).@## ##
..###..)###g# ..
......g)# #.#
###)..#.#..g###g#
.....##.##.#g..##
#..........#####
..#..##.#### #..
#.# #.# ... #.#
#.#


You could see a hobgoblin and a goblin (inner flame).

Vanquished Creatures
  2 adders (D:2)
  2 ball pythons
  2 bats (D:1)
  3 endoplasms (D:1)
  2 giant cockroaches (D:1)
  8 goblins (D:2)
  7 hobgoblins
  2 quokkas (D:1)
  9 kobolds
  2 rats (D:1)
39 creatures vanquished.

Notes
Turn   | Place    | Note
-------+----------+-------------------------------------------
     0 | D:1      | sasquatch the Hill Orc Berserker began the quest for the
                  | Orb.
     0 | D:1      | Reached XP level 1. HP: 19/19 MP: 1/1
   373 | D:1      | Reached XP level 2. HP: 26/26 MP: 2/2
   418 | D:1      | Reached skill level 4 in Maces & Flails
  1471 | D:2      | Reached XP level 3. HP: 31/31 MP: 3/3
  1991 | D:2      | Reached skill level 5 in Maces & Flails
  2061 | D:2      | Reached XP level 4. HP: 39/39 MP: 4/4
  2070 | D:2      | Noticed Robin
  2082 | D:2      | HP: 1/39 [goblin[Robin] (2)]
  2092 | D:2      | HP: 1/39 [goblin[Robin] (2)]
  2094 | D:2      | Slain by a goblin

Illustrated notes

Levels and vault maps discovered:
D:1:      nzn_arrival_crosshair, layout_loops_corners, minmay_octomino_j4
D:2:      layout_loops_ring, uniq_robin, uniq_terence

Skill      XL: |  1  2  3 |
---------------+----------+-----
Maces & Flails | 4 5 |  5.4
Fighting       | |  3.6
Armour         | |  2.1
Dodging        | |  1.5

Action                   |  1- 3 |  4- 6 || total
-------------------------+-------+-------++-------
Melee: Mace              |    92 |    16 ||   108
Invok: Berserk           |     4 |       ||     4
  Use: Potion            |       |     4 ||     4
       Scroll            |       |     3 ||     3
 Stab: Sleeping          |     2 |       ||     2
Armor: Animal skin       |    16 |     6 ||    22
Dodge: Dodged            |    61 |    22 ||    83
